[ AOE2 MATCH · #505243175 ]
UnrankedByzantines vs Magyars
Player's team · WIN
Rival team · LOSS
[ REPLAY ANALYSIS · EXTRACTED FROM THE RECORDED GAME ]
Feudal
8:52
Castle
—
Imperial
—
| APM avg | 70.8 |
| APM peak | 118 |
| eAPM avg | 26.3 |
| Villagers / military | 35 / 27 |
Focus
⚔️ 46.5% · 🌾 53.5%
Archer ×10 · Spearman ×9 · Militia ×4 · Scout Cavalry ×4
Feudal
8:56
Castle
—
Imperial
—
| APM avg | 56.5 |
| APM peak | 91 |
| eAPM avg | 23.8 |
| Villagers / military | 36 / 17 |
Focus
⚔️ 39.6% · 🌾 60.4%
Scout Cavalry ×10 · Skirmisher ×6 · Spearman ×1
Match map
Initial resources + every placement click. Lines = walls · curves = elevation contours. ◆ gold · ⬟ stone · ● berries · ✦ relic · ◌ wall gap
Your base· Open — unwalled flank
Jak3y's base· Open — unwalled flank
Smoothed initial terrain · ◌ = detected wall gap · hover for details
Inputs per minute
— Pirate - - Jak3y
Build order — Pirate
107 actions detected in the replay
| 0:00 | Queue | Villager (Male) |
| 0:00 | Queue | Villager (Male) |
| 0:02 | Build | House |
| 0:03 | Build | House |
| 0:05 | Queue | Villager (Male) |
| 0:16 | Queue | Villager (Male) |
| 1:24 | Queue | Villager (Male) |
| 1:45 | Build | Lumber Camp |
| 2:00 | Queue | Villager (Male) |
| 2:18 | Queue | Villager (Male) |
| 2:46 | Queue | Villager (Male) |
| 3:06 | Queue | Villager (Male) |
| 3:46 | Queue | Villager (Male) |
| 3:53 | Build | House |
| 4:11 | Queue | Villager (Male) |
| 4:34 | Queue | Villager (Male) |
| 4:35 | Queue | Villager (Male) |
| 4:56 | Queue | Villager (Male) |
| 4:56 | Queue | Villager (Male) |
| 5:33 | Build | Barracks |
| 5:41 | Build | House |
| 5:46 | Queue | Villager (Male) |
| 5:56 | Research | Loom |
| 6:38 | Build | Mining Camp |
| 6:42 | Research | Feudal Age |
| 7:02 | Queue | Militia |
| 7:03 | Queue | Militia |
| 7:20 | Queue | Militia |
| 7:40 | Queue | Militia |
| 8:11 | Build | House |
| 8:22 | Queue | Villager (Male) |
| 8:52 | Age | Feudal Age |
| 9:01 | Research | Man-at-Arms (upgrade) |
| 9:21 | Queue | Villager (Male) |
| 9:35 | Build | Archery Range |
| 9:37 | Build | Mill |
| 9:44 | Queue | Villager (Male) |
| 10:00 | Queue | Villager (Male) |
| 10:08 | Queue | Villager (Male) |
| 10:27 | Queue | Archer |
| 10:27 | Queue | Archer |
| 10:42 | Build | Farm |
| 10:44 | Build | House |
| 10:45 | Build | House |
| 10:47 | Build | Farm |
| 10:49 | Queue | Spearman |
| 11:13 | Queue | Villager (Male) |
| 11:16 | Build | Farm |
| 11:18 | Build | Farm |
| 11:29 | Queue | Spearman |
| 11:42 | Queue | Villager (Male) |
| 11:53 | Build | Farm |
| 11:56 | Build | Farm |
| 12:02 | Build | House |
| 12:03 | Build | Palisade Wall |
| 12:11 | Build | Palisade Wall |
| 12:17 | Queue | Villager (Male) |
| 12:42 | Queue | Spearman |
| 12:45 | Queue | Archer |
| 13:02 | Queue | Archer |
| 13:14 | Queue | Villager (Male) |
| 13:15 | Queue | Spearman |
| 13:17 | Queue | Archer |
| 13:36 | Build | Blacksmith |
| 13:41 | Queue | Spearman |
| 13:42 | Queue | Villager (Male) |
| 13:43 | Queue | Villager (Male) |
| 13:50 | Research | Double-Bit Axe |
| 14:07 | Build | House |
| 14:07 | Build | Palisade Wall |
| 14:12 | Queue | Spearman |
| 14:24 | Research | Fletching |
| 14:37 | Queue | Spearman |
| 14:41 | Build | House |
| 14:44 | Queue | Villager (Male) |
| 14:46 | Build | Farm |
| 14:47 | Build | Farm |
| 15:07 | Queue | Spearman |
| 15:09 | Queue | Villager (Male) |
| 15:40 | Queue | Villager (Male) |
| 15:50 | Build | Stable |
| 16:22 | Queue | Archer |
| 16:22 | Queue | Archer |
| 16:23 | Queue | Spearman |
| 16:30 | Queue | Archer |
| 16:32 | Queue | Villager (Male) |
| 16:34 | Build | Farm |
| 16:35 | Build | Farm |
| 16:47 | Queue | Scout Cavalry |
| 16:47 | Queue | Scout Cavalry |
| 17:05 | Build | Palisade Gate |
| 17:10 | Queue | Archer |
| 17:11 | Queue | Villager (Male) |
| 17:11 | Queue | Villager (Male) |
| 17:21 | Build | House |
| 17:22 | Build | House |
| 17:33 | Research | Forging |
| 17:36 | Queue | Villager (Male) |
| 17:38 | Build | Farm |
| 17:43 | Research | Horse Collar |
| 17:45 | Build | Farm |
| 17:56 | Build | House |
| 18:00 | Queue | Scout Cavalry |
| 18:04 | Build | Farm |
| 18:05 | Queue | Villager (Male) |
| 18:30 | Queue | Scout Cavalry |
| 18:31 | Queue | Archer |
Build order — Jak3y
104 actions detected in the replay
| 0:00 | Queue | Villager (Male) |
| 0:02 | Build | House |
| 0:03 | Build | House |
| 0:20 | Queue | Villager (Male) ×3 |
| 1:39 | Queue | Villager (Male) |
| 2:07 | Queue | Villager (Male) |
| 2:20 | Queue | Villager (Male) |
| 2:54 | Queue | Villager (Male) |
| 3:02 | Build | Lumber Camp |
| 3:19 | Queue | Villager (Male) |
| 3:19 | Queue | Villager (Male) |
| 3:47 | Queue | Villager (Male) |
| 3:47 | Queue | Villager (Male) |
| 3:54 | Build | House |
| 4:32 | Queue | Villager (Male) |
| 4:50 | Build | Mill |
| 4:55 | Queue | Villager (Male) |
| 5:20 | Queue | Villager (Male) |
| 5:48 | Queue | Villager (Male) |
| 6:19 | Research | Loom |
| 6:46 | Research | Feudal Age |
| 7:39 | Queue | Villager (Male) |
| 8:04 | Build | Barracks |
| 8:07 | Build | House |
| 8:25 | Build | House |
| 8:27 | Queue | Villager (Male) |
| 8:36 | Queue | Villager (Male) |
| 8:39 | Queue | Villager (Male) |
| 8:48 | Queue | Villager (Male) |
| 8:56 | Age | Feudal Age |
| 9:04 | Build | House |
| 9:06 | Build | Palisade Wall |
| 9:16 | Build | Palisade Wall |
| 9:17 | Build | Palisade Wall |
| 9:23 | Build | Stable |
| 9:30 | Queue | Villager (Male) |
| 9:40 | Build | House |
| 9:49 | Queue | Villager (Male) |
| 9:59 | Build | House |
| 10:01 | Build | House |
| 10:04 | Build | House |
| 10:04 | Queue | Villager (Male) |
| 10:10 | Queue | Scout Cavalry |
| 10:24 | Build | House |
| 10:25 | Build | Palisade Wall |
| 10:30 | Queue | Scout Cavalry |
| 10:38 | Build | Farm |
| 10:39 | Build | Farm |
| 10:50 | Build | House |
| 10:52 | Build | Palisade Wall |
| 10:57 | Build | House |
| 11:04 | Build | Palisade Wall |
| 11:13 | Queue | Scout Cavalry |
| 11:18 | Build | Farm |
| 11:19 | Build | Farm |
| 11:20 | Build | Farm |
| 11:58 | Queue | Spearman |
| 12:05 | Build | Farm |
| 12:07 | Build | Farm |
| 12:08 | Queue | Villager (Male) |
| 12:44 | Queue | Scout Cavalry |
| 12:44 | Queue | Villager (Male) |
| 12:56 | Build | Farm |
| 13:03 | Build | Farm |
| 13:13 | Queue | Scout Cavalry |
| 13:14 | Queue | Villager (Male) |
| 13:16 | Build | Farm |
| 13:19 | Build | Farm |
| 13:35 | Queue | Villager (Male) |
| 13:39 | Build | Archery Range |
| 13:46 | Build | House |
| 13:51 | Build | Palisade Gate |
| 13:58 | Queue | Scout Cavalry |
| 14:02 | Build | House |
| 14:07 | Build | Palisade Wall |
| 14:09 | Queue | Villager (Male) |
| 14:12 | Queue | Villager (Male) |
| 14:26 | Queue | Skirmisher |
| 14:37 | Build | Farm |
| 14:38 | Queue | Skirmisher |
| 14:53 | Queue | Scout Cavalry |
| 14:54 | Queue | Skirmisher |
| 15:04 | Queue | Villager (Male) |
| 15:11 | Queue | Skirmisher |
| 15:36 | Queue | Villager (Male) |
| 16:13 | Queue | Skirmisher |
| 16:14 | Queue | Villager (Male) |
| 16:14 | Queue | Scout Cavalry |
| 16:26 | Build | Palisade Gate |
| 16:35 | Build | Farm |
| 16:36 | Build | Farm |
| 16:45 | Queue | Scout Cavalry |
| 16:45 | Queue | Villager (Male) |
| 16:47 | Build | Farm |
| 17:01 | Queue | Skirmisher |
| 17:03 | Build | Farm |
| 17:25 | Build | Mining Camp |
| 17:25 | Queue | Villager (Male) |
| 17:34 | Queue | Scout Cavalry |
| 17:45 | Build | Farm |
| 17:46 | Build | Farm |
| 17:47 | Build | Farm |
| 17:53 | Queue | Villager (Male) |
| 18:11 | Research | Double-Bit Axe |
Match timeline
| 5:33 | Pirate · first_building Barracks |
| 8:04 | Jak3y · first_building Barracks |
| 8:52 | Pirate · age_up feudal |
| 8:56 | Jak3y · age_up feudal |
| 9:06 | Jak3y · wall_segment Palisade Wall x1 |
| 9:16 | Jak3y · wall_segment Palisade Wall x1 |
| 9:17 | Jak3y · wall_segment Palisade Wall x1 |
| 9:23 | Jak3y · first_building Stable |
| 9:35 | Pirate · first_building Archery Range |
| 10:25 | Jak3y · wall_segment Palisade Wall x1 |
| 10:52 | Jak3y · wall_segment Palisade Wall x1 |
| 11:04 | Jak3y · wall_segment Palisade Wall x1 |
| 12:03 | Pirate · wall_segment Palisade Wall x1 |
| 12:11 | Pirate · wall_segment Palisade Wall x5 |
| 13:39 | Jak3y · first_building Archery Range |
| 14:07 | Jak3y · wall_segment Palisade Wall x3 |
| 14:07 | Pirate · wall_segment Palisade Wall x10 |
| 15:50 | Pirate · first_building Stable |
| 18:51 | Jak3y · resign |
[ AI ANALYSIS · 1 CREDIT ]
What really happened in this match?
Wolo.gg analyzes every decision: build order, eco, micro, common mistakes by bracket. Personalized analysis on WhatsApp or Discord in 30 seconds.
Civ guide
Byzantines
Perfil
Jugador #1314256